 Dungeon Crawl Stone Soup version 0.26.0-10-g1f06aea511 (webtiles) character file.

Game seed: 12617865897042682309

4 MajorAdolf the Stinger (level 1, -1/18 HPs)
             Began as a Naga Wanderer on Jan 18, 2021.
             Slain by a goblin
             ... wielding a +0 club
             ... led by Robin
              (2 damage)
             ... on level 2 of the Dungeon.
             The game lasted 00:00:26 (259 turns).

MajorAdolf the Stinger (Naga Wanderer)               Turns: 259, Time: 00:00:27

Health: -1/18      AC:  1    Str: 14    XL:     1   Next: 60%
Magic:  2/2        EV:  9    Int: 13    God:
Gold:   46         SH:  0    Dex:  9    Spells: 1/2 levels left

rFire    . . .     SeeInvis +   a - +2 dagger
rCold    . . .     Faith    .   (no shield)
rNeg     . . .     Spirit   .   e - +0 robe
rPois    +         Reflect  .   (no helmet)
rElec    .         Harm     .   (no cloak)
rCorr    .         Rampage  .   (no gloves)
Will     .....                  (no barding)
Stlth    ++........             (no amulet)
HPRegen  0.06/turn              (no ring)
MPRegen  0.08/turn              (no ring)

@: short of breath, very slow
A: large, see invisible, deformed body, poison resistance, slowness 2, spit
poison 1, AC +0
a: Spit Poison


You were on level 2 of the Dungeon.
You visited 1 branch of the dungeon, and saw 2 of its levels.

You collected 46 gold pieces.

Inventory:

Hand Weapons
 a - a +2 dagger (weapon)
 c - a +0 hand axe
Armour
 e - a +0 robe (worn)
Scrolls
 b - a scroll of fear
 f - a scroll of magic mapping {unknown}
Potions
 d - a potion of lignification


   Skills:
 + Level 1.1 Fighting
 * Level 0.4 Axes
 + Level 0.1 Armour
 + Level 0.1 Dodging
 - Level 4.4 Stealth
 - Level 1.0 Spellcasting
 - Level 5.3 Poison Magic
 - Level 1.0 Evocations


You had one spell level left.
You knew the following spells:

 Your Spells              Type           Power        Failure   Level
a - Foxfire               Conj/Fire      0%           28%         1

Your spell library contained the following spells:

 Spells                   Type           Power        Failure   Level
 Dazzling Flash           Conj/Hex       0%           63%         3


Dungeon Overview and Level Annotations

Branches:
Dungeon (1/15)

Altars:
Uskayaw


Innate Abilities, Weirdness & Mutations

You cannot wear boots.
Your serpentine skin is tough. (AC +0)
You have supernaturally acute eyesight. (SInv)
Armour fits poorly on your strangely shaped body.
Your system is resistant to poisons. (rPois)
You cover ground very slowly.
You can spit poison.


Message History

You kill the hobgoblin!
Unknown command.
You have got your breath back.
The hobgoblin hits you with a +0 club.
* * * LOW HITPOINT WARNING * * *
Press: ? - help, Shift-Dir - straight line, f - hobgoblin
Aim: a hobgoblin, wielding a +0 club The splash of poison hits the hobgoblin!
The hobgoblin is poisoned.
You kill the hobgoblin!
Unknown command.
You have got your breath back.
The goblin hits you with a +0 club.
* * * LOW HITPOINT WARNING * * *
Press: ? - help, Shift-Dir - straight line, f - goblin
Aim: a goblin, wielding a +0 club The splash of poison hits the goblin.
The goblin is severely wounded.
The goblin hits you with a +0 club.
You die...

#.. #.# ### #.# #. ..# #.. #.#
#.# #.# #.# #.# #.# #.# #.#
#.# #.# #.# #.# #.# #.# #.#
#.# ######.##### #.###.## #@#
#...........
######.##...####g#
#.###..#####
.......)....)..g.# #.# #.## #
######.##...###### #.# #.# #
#.##.....# #.###.## #
######g##.###.########.##...##
# ..g..g....#
#.##.............# #
..g.g.....###>...#####.##....#
##.######.....#..#####.###.#.#


You could see a hobgoblin and a goblin.

Vanquished Creatures
  A goblin (D:1)
  2 hobgoblins (D:2)
3 creatures vanquished.

Notes
Turn   | Place    | Note
-------+----------+-------------------------------------------
     0 | D:1      | MajorAdolf the Naga Wanderer began the quest for the Orb.
     0 | D:1      | MajorAdolf set off with the following items: a +2 dagger, a
                  | scroll of fear, a potion of lignification, a +0 robe; and
                  | the following spell memorised: Foxfire; and the following
                  | spells available to memorise: Dazzling Flash
     0 | D:1      | Reached XP level 1. HP: 18/18 MP: 2/2
   130 | D:1      | You fall into a shaft and drop 1 floor!
   160 | D:2      | Found a hide-covered altar of Uskayaw.
   259 | D:2      | Slain by a goblin

Illustrated notes

Levels and vault maps discovered:
D:1:      minmay_arrival_checkered_box, layout_basic, minivault_27
D:2:      layout_loops_ring, dancing_weapons_uskayaw, uniq_robin,
          uniq_crazy_yiuf_cottage

Action                   || total
-------------------------++-------
Melee: Dagger            ||     7
 Abil: Spit Poison       ||     4
Armor: Robe              ||     1
